 Dungeon Crawl Stone Soup version 0.24-a0-644-g049a785 (webtiles) character file.

Game seed: 3873306838059240726, levelgen mode: deterministic

12600 JeffiDaFish the Fighter (level 11, -2/76 HPs)
             Began as a Gargoyle Fighter on Sept 26, 2019.
             Was a High Priest of Okawaru.
             Killed by divine providence
             ... invoked by an orc priest
              (11 damage)
             ... on level 11 of the Dungeon.
             The game lasted 00:28:32 (12405 turns).

JeffiDaFish the Fighter (Gargoyle Fighter)         Turns: 12405, Time: 00:28:32

Health: -2/76      AC: 31    Str: 23      XL:     11   Next: 95%
Magic:  3/3        EV:  6    Int: 14 (15) God:    Okawaru [*****.]
Gold:   276        SH: 17    Dex: 16      Spells: 10/10 levels left

rFire    . . .     SeeInvis +   x - +1 whip "Yladeqas" {antimagic, MR+ Int+3 Dex+2}
rCold    . . .     Gourm    .   c - +0 shield
rNeg     + . .     Faith    .   z - +0 plate armour
rPois    ∞         Spirit   .   a - +1 helmet {Int+3}
rElec    +         Reflect  +   s - +0 cloak
rCorr    .         Harm     .   q - +0 pair of gloves
MR       +....                  h - +1 pair of boots
Stlth    ..........             H - +5 amulet of reflection
HPRegen  0.22/turn              y - +5 ring of dexterity
MPRegen  0.08/turn              j - ring of see invisible

@: no status effects
A: yellow scales 1, deterioration 1, negative energy resistance 1, screaming 1,
electricity resistance, unbreathing, petrification resistance, rot immunity,
sturdy frame 1, AC +8
a: Heroism, Finesse, Renounce Religion


You were on level 11 of the Dungeon.
You worshipped Okawaru.
Okawaru was extremely pleased with you.
You were not hungry.

You visited 2 branches of the dungeon, and saw 12 of its levels.
You also visited: Sewer.

You collected 471 gold pieces.
You spent 195 gold pieces at shops.

Inventory:

Hand Weapons
 g - a +1 whip of freezing
 x - the +1 whip "Yladeqas" (weapon) {antimagic, MR+ Int+3 Dex+2}
   (You bought it in a shop on level 6 of the Dungeon)

   It reduces the magical energy of the wielder, and disrupts the spells and
   magical abilities of those hit.
   Natural abilities and divine invocations are not affected.
   It affects your intelligence (+3).
   It affects your dexterity (+2).
   It affects your resistance to hostile enchantments.
Armour
 a - a +1 helmet of intelligence (worn)
 c - a +0 shield (worn)
 h - a +1 pair of boots (worn)
 q - a +0 pair of gloves (worn)
 s - a +0 cloak (worn)
 z - a +0 plate armour (worn)
Jewellery
 e - an uncursed ring of protection from fire
 j - a ring of see invisible (right hand)
 k - an uncursed ring of resist corrosion
 y - a +5 ring of dexterity (left hand)
 H - a +5 amulet of reflection (around neck)
Wands
 i - a wand of disintegration (17)
 n - a wand of scattershot (6)
 p - a wand of polymorph (11)
Scrolls
 b - 2 scrolls of fear
 l - a scroll of fog
 m - 5 scrolls of identify
 r - 3 scrolls of teleportation
 t - 3 scrolls of enchant weapon
 A - a scroll of amnesia
 B - a scroll of enchant armour
 D - 3 scrolls of remove curse
 F - a scroll of magic mapping
Potions
 d - 5 potions of might
 o - 4 potions of haste
 u - 3 potions of curing
 v - 4 potions of agility
 w - 2 potions of brilliance
 C - 2 potions of ambrosia {unknown}
 E - a potion of mutation
Comestibles
 f - 22 rations
 G - 17 chunks of flesh


   Skills:
 * Level 12.1 Fighting
 * Level 11.0 Maces & Flails
 + Level 9.1 Armour
 + Level 9.0 Shields


You had 10 spell levels left.
You didn't know any spells.
Your spell library contained the following spells:

 Spells                   Type           Power        Failure   Level  Hunger
 Confusing Touch          Hex            #.....       99%         1    ##.....
 Corona                   Hex            #......      99%         1    ##.....
 Slow                     Hex            #.......     100%        2    ###....
 Confuse                  Hex            #.......     100%        3    ####...
 Gell's Gravitas          Tloc           #.........   100%        3    ####...
 Inner Flame              Hex/Fire       #.......     100%        3    ####...
 Portal Projectile        Hex/Tloc       #.....       100%        3    ####...
 Cause Fear               Hex            #.........   100%        4    #####..
 Leda's Liquefaction      Hex/Erth       #.........   100%        4    #####..
 Petrify                  Tmut/Erth      #.......     100%        4    #####..
 Metabolic Englaciation   Hex/Ice        #.........   100%        5    ######.
 Yara's Violent Unravell  Hex/Tmut       #.........   100%        5    ######.


Dungeon Overview and Level Annotations

Branches:
Dungeon (11/15)            Temple (1/1) D:4           Sewer (visited)
   Lair: D:8-11         Orc: D:9-12

Altars:
Ashenzari
Cheibriados
Fedhas
Gozag
Hepliaklqana
Kikubaaqudgha
Makhleb
Nemelex Xobeh
Okawaru
Ru
Sif Muna
Uskayaw
Wu Jian
Xom
Yredelemnul
Zin

Shops:
D:5 *   D:6 (

Annotations:
D:5 exclusion: oklob plant
D:9 2 transporters


Innate Abilities, Weirdness & Mutations

You are resistant to torment.
Your stone body is resilient. (AC +8)
You are immune to poison.
You resist negative energy. (rN+)
You are resistant to electric shocks. (rElec)
You can survive without breathing.
You are immune to petrification.
You are immune to rotting.
You are partially covered in yellow scales. (AC +2)
Your body sometimes deteriorates upon taking damage.
You occasionally shout uncontrollably at your foes.
Your movements are slightly less encumbered by armour. (ER -2)


Message History

Okawaru accepts your kill.
The orc priest mumbles some strange prayers to Beogh against you.
Beogh smites you!
* * * LOW HITPOINT WARNING * * *
You block the orc priest's attack.
Things that are here:
a +0 hand axe; a +0 plate armour You hit the orc priest.
The orc priest is lightly wounded.
You block the orc priest's attack.
You whack the orc priest!
The orc priest is heavily wounded.
You block the orc priest's attack.
You barely miss the orc priest.
The orc priest is heavily wounded.
Your shield and plate armour prevent you from hitting the orc priest.
The orc priest is heavily wounded.
The orc priest mumbles some strange prayers to Beogh against you.
Beogh smites you!
You die...

###### ###### ###....######
#.... . ..#....#....# #..#
... ..#....#....# ###oo#[....
..#....#....# #.(oo.....!
..#....#'##########o#......o.
..#............)@ooo#co$.....
'##...........#######........
..#####.......# #########
..#..÷#.......#
..#...÷.......#
..##.÷#.......#
####..########. ............
.# ............


You could see 2 orc priests and 2 orcs.

Vanquished Creatures
  Gastronok (D:9)
  Erica (D:10)
  A two-headed ogre (D:11)
  Pikel (D:7)
  An ugly thing (D:11)
  2 centaur zombies
  The ghost of grocchini the Cleaver, a novice HOMo (D:4)
  Maurice (D:10)
  Joseph (D:7)
  The ghost of Hiru the Digger, a novice FoEE (D:4)
  2 trolls
  The ghost of thedisplayname the Charmwright, an amateur GnWn of Makhleb (D:4)
  The ghost of dragnorr the Conjurer, an amateur DsCj of Makhleb (D:4)
  Sigmund (D:3)
  A tarantella (shapeshifter) (D:10)
  6 yaks
  A human (D:7)
  2 hogs (D:7)
  The ghost of flyingllamaman the Shield-Bearer, an amateur HuFi (D:4)
  Menkaure (D:4)
  A soldier ant (D:11)
  An acid dragon (D:11)
  Duvessa (D:7)
  A water moccasin (D:7)
  An ice beast (D:11)
  2 black bears
  4 orc warriors
  3 ogres
  2 phantoms
  6 centaurs
  A big kobold (D:8)
  6 bullfrogs
  Dowan (D:7)
  A scorpion (D:6)
  2 howler monkeys
  6 crimson imps
  3 jellies
  A bullfrog zombie (D:5)
  4 hounds
  Crazy Yiuf (D:3)
  3 orc priests
  15 orc wizards
  2 bullfrog skeletons
  5 iguanas
  7 worker ants
  A hound skeleton (D:6)
  Robin (D:3)
  11 adders
  10 gnolls
  A river rat (D:6)
  2 shadow imps
  2 oozes
  3 worms
  A dart slug (D:1)
  7 leopard geckos
  47 orcs
  3 ball pythons (Sewer)
  11 bats
  13 giant cockroaches
  21 goblins
  14 hobgoblins
  12 jackals
  10 kobolds
  A quokka (D:11)
  12 frilled lizards
  A leopard gecko zombie (D:5)
  9 rats
301 creatures vanquished.

Vanquished Creatures (others)
  A quasit (D:10)
  A plant (D:5)
2 creatures vanquished.

Grand Total: 303 creatures vanquished

Notes
Turn   | Place    | Note
-------+----------+-------------------------------------------
     0 | D:1      | JeffiDaFish the Gargoyle Fighter began the quest for the
                  | Orb.
     0 | D:1      | Reached XP level 1. HP: 14/14 MP: 1/1
   357 | D:1      | Reached XP level 2. HP: 14/19 MP: 2/2
   674 | D:1      | Reached XP level 3. HP: 24/24 MP: 3/3
  1208 | D:1      | Reached skill level 4 in Fighting
  1775 | D:2      | Reached XP level 4. HP: 29/29 MP: 4/4
  2682 | D:3      | Reached XP level 5. HP: 34/34 MP: 5/5
  2702 | D:3      | Noticed Sigmund
  2727 | D:3      | Killed Sigmund
  2727 | D:3      | Reached skill level 5 in Fighting
  2727 | D:3      | Reached XP level 6. HP: 23/40 MP: 6/6
  3175 | D:3      | Found an ornate altar of the Wu Jian Council.
  3211 | D:3      | Noticed Robin
  3236 | D:3      | Killed Robin
  3440 | D:3      | Found a runed translucent door.
  3441 | D:3      | Noticed Crazy Yiuf
  3449 | D:3      | Killed Crazy Yiuf
  3449 | D:3      | Reached XP level 7. HP: 37/44 MP: 7/7
  3810 | D:4      | Found a runed translucent gate.
  3810 | D:4      | Found a runed translucent gate.
  3813 | D:4      | Noticed flyingllamaman's ghost (amateur HuFi)
  3813 | D:4      | Noticed dragnorr's ghost (amateur DsCj)
  3814 | D:4      | Found a runed translucent gate.
  3814 | D:4      | Noticed grocchini's ghost (novice HOMo)
  3814 | D:4      | Noticed thedisplayname's ghost (amateur GnWn)
  3814 | D:4      | Noticed Hiru's ghost (novice FoEE)
  3827 | D:4      | Noticed Menkaure
  3828 | D:4      | Found a shimmering altar of Xom.
  3840 | D:4      | Killed Menkaure
  4136 | D:4      | Found a shattered altar of Ashenzari.
  4451 | D:4      | Found a staircase to the Ecumenical Temple.
  4470 | Temple   | Entered the Ecumenical Temple
  4497 | Temple   | Became a worshipper of Warmaster Okawaru
  4529 | D:4      | Reached skill level 6 in Fighting
  4773 | D:4      | Found a hazy altar of Hepliaklqana.
  4929 | D:5      | Entered Level 5 of the Dungeon
  4943 | D:5      | Reached skill level 5 in Maces & Flails
  4988 | D:5      | Reached skill level 5 in Armour
  5043 | D:5      | Reached skill level 5 in Shields
  5086 | D:5      | Found Kiocod's Lightly-Used Armoury.
  5129 | D:5      | Reached XP level 8. HP: 46/52 MP: 8/8
  5152 | D:5      | HP: 1/52 [ogre/+0 giant club (6)]
  5154 | D:5      | Found a blossoming altar of Fedhas.
  5357 | D:5      | Reached * piety under Okawaru
  5514 | D:5      | Noticed an oklob plant
  6145 | D:6      | Found Pupull's Antique Weapon Emporium.
  6235 | D:6      | Reached skill level 7 in Fighting
  6770 | D:6      | Found a glowing drain.
  6774 | Sewer    | Entered a sewer
  7016 | Sewer    | Reached ** piety under Okawaru
  7016 | Sewer    | Reached XP level 9. HP: 48/59 MP: 9/9
  7037 | Sewer    | Gained mutation: Your body sometimes deteriorates upon
                  | taking damage. [potion of mutation]
  7037 | Sewer    | Gained mutation: Your movements are slightly less
                  | encumbered by armour. (ER -2) [potion of mutation]
  7037 | Sewer    | Gained mutation: You occasionally shout uncontrollably at
                  | your foes. [potion of mutation]
  7037 | Sewer    | Gained mutation: You are partially covered in yellow
                  | scales. (AC +2) [potion of mutation]
  7383 | D:7      | Reached skill level 8 in Fighting
  7515 | D:7      | Noticed Duvessa
  7519 | D:7      | Noticed Dowan
  7534 | D:7      | Killed Duvessa
  7556 | D:7      | Killed Dowan
  8086 | D:7      | Reached skill level 9 in Fighting
  8095 | D:7      | Reached *** piety under Okawaru
  8318 | D:7      | Found a shimmering blue altar of Sif Muna.
  8391 | D:7      | Noticed Joseph
  8414 | D:7      | Killed Joseph
  8414 | D:7      | Reached XP level 10. HP: 66/66 MP: 10/10
  8524 | D:7      | Noticed Pikel
  8553 | D:7      | Killed Pikel
  8553 | D:7      | Reached **** piety under Okawaru
  8601 | D:6      | Bought a twisted whip for 195 gold pieces
  8601 | D:6      | Identified the cursed +1 whip "Yladeqas" {antimagic, MR+
                  | Int+3 Dex+2} (You bought it in a shop on level 6 of the
                  | Dungeon)
  9480 | D:9      | Reached skill level 10 in Fighting
  9734 | D:9      | Noticed Gastronok
  9769 | D:9      | Killed Gastronok
  9789 | D:9      | Found a transporter.
  9793 | D:9      | Found a transporter.
  9798 | D:9      | Noticed a death knight
  9805 | D:9      | Found a basalt altar of Yredelemnul.
  9916 | D:9      | Reached ***** piety under Okawaru
 10061 | D:9      | Found an ancient bone altar of Kikubaaqudgha.
 10173 | D:9      | Reached XP level 11. HP: 67/73 MP: 3/11
 10698 | D:4      | Killed grocchini's ghost
 10698 | D:4      | Reached skill level 11 in Fighting
 10722 | D:4      | Killed Hiru's ghost
 10722 | D:4      | Reached skill level 10 in Maces & Flails
 10751 | D:4      | Killed thedisplayname's ghost
 10764 | D:4      | Killed dragnorr's ghost
 10802 | D:4      | Killed flyingllamaman's ghost
 10802 | D:4      | Received a gift from Okawaru
 11073 | D:10     | Entered Level 10 of the Dungeon
 11424 | D:10     | Noticed Maurice
 11431 | D:10     | Paralysed by Maurice for 3 turns
 11485 | D:10     | Killed Maurice
 11547 | D:10     | Noticed Erica
 11581 | D:10     | Killed Erica
 11873 | D:11     | Noticed a two-headed ogre
 11896 | D:11     | Killed a two-headed ogre
 12137 | D:11     | Noticed a brown ugly thing
 12179 | D:11     | Killed a brown ugly thing
 12179 | D:11     | Reached skill level 12 in Fighting
 12405 | D:11     | Killed from afar by an orc priest

Levels and vault maps discovered:
D:1:      dpeg_arrival_morbid_curiosity, layout_basic
D:2:      layout_loops_corners, first_ration
D:3:      layout_loops_ring, overflow_temple_1_default, uniq_robin,
          uniq_crazy_yiuf_cottage, uniq_sigmund
D:4:      layout_loops_corners, minitemple, overflow_temple_1_default,
          minmay_temple_entry_arrows, gammafunk_ghost_cemetery, uniq_menkaure
D:5:      layout_loops_ring, eino_tiny_chamber, minmay_shop_damaged, tgw_fedhas
D:6:      layout_gridville, gup_sewer_entry_spiral, kennysheep_small_square
D:7:      layout_cave_pools, grunt_livestock, minmay_door_square,
          lemuel_blue_sif_altar, uniq_pikel, uniq_duvessa, uniq_joseph
D:8:      layout_loops_ring
D:9:      layout_small_grid, gammafunk_temple_of_torment, minmay_crystal_room,
          uniq_gastronok
D:10:     layout_rooms, uniq_maurice, uniq_erica
D:11:     layout_gridville, dpeg_lair_monsters, erik_orc_1, solitary_fountain
Temple:   nicolae_temple_elliptical

Skill      XL: |  1  2  3  4  5  6  7  8  9 10 11 |
---------------+----------------------------------+-----
Fighting       | 4 5 6 7 9 10 12 | 12.1
Maces & Flails | 3 4 5 6 8 9 11 | 11.0
Armour         | 4 5 6 7 8 9 |  9.1
Shields        | 4 5 7 9 |  9.0

Action                   |  1- 3 |  4- 6 |  7- 9 | 10-12 || total
-------------------------+-------+-------+-------+-------++-------
Melee: Flail             |   209 |   217 |   638 |    17 ||  1081
       Unarmed           |       |     3 |       |       ||     3
       Whip              |       |       |       |  1070 ||  1070
Invok: Heroism           |       |       |       |     1 ||     1
 Abil: Evoke Berserk Rag |       |       |       |     1 ||     1
  Use: Scroll            |     4 |     6 |     3 |     9 ||    22
       Potion            |     1 |     2 |    10 |     2 ||    15
  Eat: Chunk             |     3 |     6 |    17 |    12 ||    38
       Ration            |       |       |       |     1 ||     1
Armor: Scale mail        |   140 |   106 |   322 |       ||   568
       Chain mail        |       |       |    49 |       ||    49
       Plate armour      |       |       |    10 |   374 ||   384
Dodge: Dodged            |    74 |    69 |   192 |   123 ||   458
Block: Shield            |   115 |   129 |   349 |   519 ||  1112
       Reflection        |       |       |       |     6 ||     6

Table legend:
 A = Non-vault XP
 B = Vault XP
 C = Vault XP percentage of total XP
 D = Non-vault monster count
 E = Vault monster count
 F = Vault count percentage of total count
                 A         B        C        D         E       F
            +---------+---------+-------+---------+---------+-------
      Total |    9623 |    8377 |  46.5 |     236 |      66 |  21.9
            +---------+---------+-------+---------+---------+-------
        D:1 |      58 |      10 |  14.7 |      27 |       5 |  15.6
        D:2 |      68 |       0 |   0.0 |      23 |       0 |   0.0
        D:3 |     189 |     299 |  61.3 |      26 |      14 |  35.0
        D:4 |     181 |    1760 |  90.7 |      15 |       6 |  28.6
        D:5 |     594 |       0 |   0.0 |      31 |       0 |   0.0
        D:6 |     800 |      63 |   7.3 |      30 |       6 |  16.7
        D:7 |     735 |    2284 |  75.7 |      12 |       9 |  42.9
        D:8 |     630 |       0 |   0.0 |      19 |       0 |   0.0
        D:9 |    1021 |    2276 |  69.0 |      14 |       1 |   6.7
       D:10 |    1512 |    1336 |  46.9 |      20 |       2 |   9.1
       D:11 |    3835 |     130 |   3.3 |      19 |       3 |  13.6
      Sewer |       0 |     219 | 100.0 |       0 |      20 | 100.0
            +---------+---------+-------+---------+---------+-------
